 Dungeon Crawl Stone Soup version 0.28-a0-1624-g820543e53a (webtiles) character file.

Game seed: 8707271045859646108

564 soggyman666 the Ducker (level 7, -6/45 HPs)
             Began as a Djinni Fire Elementalist on Jan 23, 2022.
             Was an Initiate of Hepliaklqana.
             Mangled by Prince Ribbit (17 damage)
             ... on level 5 of the Dungeon.
             The game lasted 00:17:57 (7183 turns).

soggyman666 the Ducker (Djinni Fire Elementalist)   Turns: 7183, Time: 00:17:58

Health: -6/45      AC:  3    Str:  7    XL:     7   Next: 58%
Gold:   276        EV: 13    Int: 18    God:    Hepliaklqana [......] SH:  0 Dex: 14

rFire   + + +      SeeInvis .   f - staff of conjuration
rCold   x . .      Faith    .   (no shield)
rNeg    . . .      Spirit   .   a - +1 robe
rPois   ∞          Reflect  .   (no helmet)
rElec   .          Harm     .   (no cloak)
rCorr   .          Rampage  .   (no gloves)
Will    .....                   (boots unavailable)
Stlth   ++........              c - amulet of the acrobat
HPRegen 0.15/turn               b - ring of protection from fire
MPRegen 0.00/turn               (no ring)

@: flying
A: sickness immunity, fire resistance 2, cold vulnerability 1, float, innate
caster, hp casting, extra vitality 1
a: Renounce Religion


You were on level 5 of the Dungeon.
You worshipped Hepliaklqana.
Hepliaklqana was noncommittal.
You visited 1 branch of the dungeon, and saw 5 of its levels.

You collected 276 gold pieces.

Inventory:

Armour
 a - a +1 robe (worn)
Magical Staves
 f - a staff of conjuration (weapon)
Jewellery
 b - a ring of protection from fire (left hand)
 c - an amulet of the acrobat (around neck)
 d - an amulet of regeneration
Potions
 e - 2 potions of curing
 g - a potion of invisibility {unknown}
 h - a potion of magic {unknown}


   Skills:
 * Level 4.6 Dodging
 - Level 3.3 Stealth
 + Level 4.6 Spellcasting
 * Level 1.8 Invocations


You couldn't memorise any spells.
You knew the following spells:

 Your Spells              Type           Power      Damage    Failure   Level
a - Foxfire               Conj/Fire      100%       2x1d9     1%          1
b - Scorch                Fire           42%        2d7       3%          2
c - Conjure Flame         Conj/Fire      31%        6-21      6%          3
d - Inner Flame           Hex/Fire       21%        N/A       6%          3
e - Flame Wave            Conj/Fire      31%        2d8       21%         4
f - Slow                  Hex            84%        N/A       1%          1
g - Corpse Rot            Necr/Air       42%        N/A       3%          2
h - Teleport Other        Tloc           21%        N/A       6%          3
Your spell library was empty.

Dungeon Overview and Level Annotations

Branches:
Dungeon (5/15)             Temple (0/1) D:5

Altars:
Gozag
Hepliaklqana
Nemelex Xobeh

Annotations:
D:5 Dowan, Duvessa, Eustachio, Prince Ribbit


Innate Abilities, Weirdness & Mutations

You are immune to sickness and miasma.
You are immune to poison.
Your flesh is very heat resistant. (rF++)
You are vulnerable to cold. (rC-)
You float through the air rather than walking.
You learn spells naturally, not from books.
Your magical power is your life essence.
You have superior vitality. (+4 MHP)


Message History

You feel a surge of power!
You conjure some foxfire!
The foxfire hits Duvessa but does no damage.
The foxfire hits Duvessa.
Duvessa is lightly wounded.
You feel a surge of power!
You conjure some foxfire!
The foxfire hits Duvessa.
Duvessa is lightly wounded.
The foxfire hits Duvessa.
Duvessa is lightly wounded.
The foxfire hits Duvessa.
Duvessa is moderately wounded.
Prince Ribbit lets out a mournful croak.
Prince Ribbit blinks!
The foxfire hits Duvessa but does no damage.
Duvessa is moderately wounded.
Casting: Foxfire (safe; 1% risk of failure)
Confirm with . or Enter, or press ? or * to list all spells.
Flames lash Duvessa but do no damage.
The foxfire hits Duvessa!
Duvessa is heavily wounded.
Casting: Scorch (safe; 3% risk of failure)
Confirm with . or Enter, or press ? or * to list all spells.
Flames lash Duvessa but do no damage.
Casting: Scorch (safe; 3% risk of failure)
Confirm with . or Enter, or press ? or * to list all spells.
Flames lash Duvessa.
Duvessa is severely wounded.
Duvessa's fire resistance burns away.
Duvessa hits you with a +0 short sword.
Casting: Scorch (safe; 3% risk of failure)
Confirm with . or Enter, or press ? or * to list all spells.
Flames lash Duvessa but do no damage.
The adder closely misses you. Prince Ribbit barely misses you.
Duvessa hits you but does no damage. The adder bites you.
Casting: Scorch (safe; 3% risk of failure)
Confirm with . or Enter, or press ? or * to list all spells.
Flames lash Duvessa but do no damage.
Duvessa is no longer more vulnerable to fire.
Prince Ribbit hits you!
* * * LOW HITPOINT WARNING * * *
The adder closely misses you. Duvessa closely misses you.
Prince Ribbit hits you!
You die...

. #.. #...
#....
#.....####
.........#
.#....##<#
......e@.#
.#.#.#S#F#
..e§.#
.....#..
.........##
...>...#.#
.........#
.......#..


You could see Prince Ribbit, Duvessa, Dowan and an adder.

Vanquished Creatures
  2 ogres
  The ghost of innerfire433 the Cudgeller, an amateur DsCK of Xom (D:4)
  2 hounds (D:4)
  An orc priest (D:4)
  A centaur skeleton (D:4)
  2 iguanas (D:4)
  3 adders
  An adder skeleton (D:4)
  3 worms
  A dart slug (D:1)
  8 orcs (D:4)
  11 bats
  6 endoplasms
  11 goblins
  12 hobgoblins
  3 quokkas
  11 ball pythons
  A frilled lizard (D:1)
  10 kobolds
  10 rats
100 creatures vanquished.

Vanquished Creatures (others)
  410 foxfires
410 creatures vanquished.

Grand Total: 510 creatures vanquished

Notes
Turn   | Place    | Note
-------+----------+-------------------------------------------
     0 | D:1      | soggyman666 the Djinni Fire Elementalist began the quest
                  | for the Orb.
     0 | D:1      | Reached XP level 1. HP: 15/15 MP: 0/0
   501 | D:1      | Reached XP level 2. HP: 12/21 MP: 0/0
  1229 | D:1      | Reached XP level 3. HP: 15/25 MP: 0/0
  1229 | D:1      | Learned a level 1 spell: Slow
  1667 | D:1      | You are sucked into a shaft and drop 1 floor!
  2065 | D:2      | Noticed an ogre
  2209 | D:2      | Killed an ogre
  2210 | D:2      | Reached XP level 4. HP: 1/31 MP: 0/0
  2210 | D:2      | Reached XP level 5. HP: 2/35 MP: 0/0
  2210 | D:2      | Learned a level 2 spell: Corpse Rot
  2636 | D:2      | Found a sparkling altar of Nemelex Xobeh.
  5005 | D:3      | Found a hazy altar of Hepliaklqana.
  5009 | D:3      | Became a worshipper of Hepliaklqana the Forgotten
  5036 | D:3      | Found a faded altar of an unknown god.
  5144 | D:4      | Reached XP level 6. HP: 35/40 MP: 0/0
  5662 | D:4      | Reached skill level 1 in Invocations
  6214 | D:4      | Found a runed translucent door.
  6219 | D:4      | Noticed innerfire433's ghost (amateur DsCK)
  6237 | D:4      | Killed innerfire433's ghost
  6238 | D:4      | Reached XP level 7. HP: 29/45 MP: 0/0
  6238 | D:4      | Learned a level 3 spell: Teleport Other
  6380 | D:4      | Found an opulent altar of Gozag.
  7124 | D:5      | Entered Level 5 of the Dungeon
  7124 | D:5      | Noticed Eustachio
  7171 | D:5      | Found a staircase to the Ecumenical Temple.
  7173 | D:5      | Noticed Duvessa
  7173 | D:5      | Noticed Dowan
  7176 | D:5      | Noticed Prince Ribbit
  7183 | D:5      | Mangled by Prince Ribbit

Illustrated notes

Levels and vault maps discovered:
D:1:      elethiomel_arrival_maze, layout_basic
D:2:      minmay_chambers_of_twos, layout_basic, basic_altar,
          grunt_ministairs_3, palyth_stone_intersect, minmay_split_cup_small
D:3:      layout_rooms, mainiacjoe_overflow_six_doors_small,
          shapermc_ecumenical_altar_mp_vishouse
D:4:      layout_basic, amcnicky_altar_gilded, ebering_ghost_reflecting_pool,
          grunt_ministairs_2, kennysheep_small_square
D:5:      layout_loops_cross, nicolae_overflow_squiral,
          minmay_temple_entry_glass, minmay_misc_feat_enclosed,
          minmay_increasing_density, uniq_sigmund, uniq_eustachio,
          uniq_prince_ribbit1, uniq_duvessa, uniq_blork_the_orc

Skill      XL: |  1  2  3  4  5  6 |
---------------+-------------------+-----
Stealth        | 2 3 |  3.3
Dodging        | 3 4 |  4.6
Spellcasting   | 3 4 |  4.6
Invocations    | 1 |  1.8

Action                   |  1- 3 |  4- 6 |  7- 9 || total
-------------------------+-------+-------+-------++-------
 Cast: Foxfire           |    83 |   158 |    21 ||   262
       Scorch            |     9 |    29 |    13 ||    51
       Slow              |     7 |       |       ||     7
       Conjure Flame     |       |     3 |     2 ||     5
       Corpse Rot        |       |     2 |     1 ||     3
  Use: Scroll            |     2 |     7 |       ||     9
Armor: Robe              |     1 |       |     1 ||     2
Dodge: Dodged            |    11 |     5 |     5 ||    21

Table legend: (Time is in decaauts)
 A = Elapsed time spent in this place.
 B = Non-inter-level travel time spent in this place.
 C = Inter-level travel time spent in this place.
 D = Time resting spent in this place.
 E = Time spent auto-exploring this place.
 F = Levels seen in this place.
 G = Mean time per level.
                   A        B        C        D        E       F      G
               +--------+--------+--------+--------+--------+-----+--------+
         Total |   7182 |   6954 |    228 |   1351 |   4788 |   5 | 1436.4 |
       Dungeon |   7182 |   6954 |    228 |   1351 |   4788 |   5 | 1436.4 |
               +--------+--------+--------+--------+--------+-----+--------+

Top non-repeatable levels by time:
     D:2: 2105 daAuts
     D:1: 2093 daAuts
     D:4: 2046 daAuts
     D:3: 924 daAuts
     D:5: 14 daAuts
